 Dungeon Crawl Stone Soup version 0.31-a0-202-g547052bce9 (webtiles) character file.

Game seed: 17285532679084624128

56 qw the Shooter (level 3, -9/20 HPs)
             Began as a Deep Elf Hunter on June 26, 2023.
             Mangled by Sigmund
             ... wielding a +0 scythe
              (10 damage)
             ... on level 2 of the Dungeon.
             The game lasted 00:00:29 (1075 turns).

qw the Shooter (Deep Elf Hunter)                    Turns: 1075, Time: 00:00:30

Health: -9/20      AC:  3    Str: 10    XL:     3   Next: 71%
Magic:  5/5        EV: 12    Int: 13    God:
Gold:   73         SH:  0    Dex: 18    Spells: 2/2 levels left

rFire   . . .        Y - +0 shortbow
rCold   . . .        (shield currently unavailable)
rNeg    . . .        c - +0 leather armour
rPois   .            (no helmet)
rElec   .            (no cloak)
rCorr   +            (no gloves)
SInv    .            (no boots)
Will    .....        (no amulet)
Stlth   ++           e - ring of resist corrosion
HPRegen 0.23/turn    (no ring)
MPRegen 0.09/turn

%: no passive effects
@: no status effects
A: no striking features
a: no special abilities


You were on level 2 of the Dungeon.
You visited 1 branch of the dungeon, and saw 2 of its levels.

You collected 73 gold pieces.


   Skills:
 - Level 1.5 Fighting
 + Level 7.2 Ranged Weapons
 - Level 2.4 Dodging
 - Level 1.2 Stealth


You had 2 spell levels left.
You didn't know any spells.
Your spell library was empty.

Inventory:

Hand Weapons
 Y - a +0 shortbow (weapon)
Armour
 c - a +0 leather armour (worn)
 d - a +0 ring mail
Jewellery
 e - a ring of resist corrosion (left hand)
Scrolls
 b - a scroll of identify
 g - a scroll of fear {unknown}
Potions
 a - a potion of mutation {unknown}
 f - a potion of brilliance {unknown}

Dungeon Overview and Level Annotations

Branches:
Dungeon (2/15)

Altars:

Annotations:
D:2 Sigmund


Message History

You hear a shout!
The kobold throws a stone.
The stone barely misses you.
1064 ||| Stepping ~*~*~tactically~*~*~ (outnumbered).
Sigmund shouts!
1066 ||| Stepping ~*~*~tactically~*~*~ (outnumbered).
You shoot an arrow. The arrow hits the kobold.
You kill the kobold!
Sigmund and an endoplasm come into view.
Sigmund casts a spell at you. You resist with some effort.
A frilled lizard comes into view.
You shoot an arrow. The frilled lizard hisses angrily.
The arrow hits Sigmund.
Sigmund is lightly wounded.
A goblin comes into view. It is wielding a +0 dagger.
You shoot an arrow.
The arrow hits the goblin but does no damage.
A dart slug comes into view.
The goblin hits you with a +0 dagger. Sigmund hits you but does no damage.
You shoot an arrow. The arrow closely misses the goblin.
The arrow hits the endoplasm!
You kill the endoplasm!
The goblin hits you but does no damage.
You shoot an arrow.
The arrow hits the goblin but does no damage.
Sigmund mumbles some strange words.
Sigmund flickers and vanishes!
Deactivating autopickup; reactivate with Ctrl-A.
The goblin hits you with a +0 dagger. Something hits you.
You shoot an arrow. The arrow hits the goblin!
You kill the goblin!
You shoot an arrow. The arrow hits the frilled lizard!
You kill the frilled lizard!
Something hits you!
You shoot an arrow. The arrow hits the dart slug!
The dart slug is severely wounded.
Something hits you!
Ouch! That really hurt!
You die...

.#....... .....#.
.#....... ....>..#
..........#.......
......#...........
..##### .........## ..
#.....###.........###).#
#.###....##.......)w..
#.### #..##.#...){#
#...#####.##....@#
###.......####...#
######...# ###.## ##..##
#..## ##..#####..#
##......#.####
###.........#
###.....#.# ###...# ..


You could see a dart slug.

Vanquished Creatures
  An adder (D:2)
  A worm (D:2)
  A dart slug (D:1)
  4 endoplasms
  9 goblins
  5 hobgoblins
  A ball python (D:2)
  4 bats
  9 frilled lizards
  4 kobolds
  4 rats
43 creatures vanquished.

Notes
Turn   | Place    | Note
-------+----------+-------------------------------------------
     0 | D:1      | qw the Deep Elf Hunter began the quest for the Orb.
     0 | D:1      | Reached XP level 1. HP: 12/12 MP: 3/3
     0 | D:1      | 0 ||| qw: Version: 0.3-a-22-g0ed2b0b
     0 | D:1      | 0 ||| qw: Game counter: 6350
     0 | D:1      | 0 ||| qw: Melee chars always use a shield: true
     0 | D:1      | 0 ||| qw: God list: Okawaru
     0 | D:1      | 0 ||| qw: Allow faded altars: false
     0 | D:1      | 0 ||| qw: Do Orc after clearing Dungeon:15 true
     0 | D:1      | 0 ||| qw: Do second Lair branch before Depths: true
     0 | D:1      | 0 ||| qw: Lair rune preference: random
     0 | D:1      | 0 ||| qw: Goals: Normal
     0 | D:1      | 0 ||| PLANNING D:1-11
   209 | D:1      | Reached skill level 6 in Ranged Weapons
   209 | D:1      | Reached XP level 2. HP: 16/16 MP: 4/4
   647 | D:1      | 647 ||| UPGRADING to ring of resist corrosion.
   648 | D:1      | 648 ||| READING 2 scrolls labelled TOIHASS UHOMO.
   649 | D:1      | 649 ||| READING scroll labelled HUSAUV IT SAQA.
   650 | D:1      | 650 ||| READING 2 scrolls labelled CIDALI QIPLOQO.
   651 | D:1      | 651 ||| DROPPING scroll of vulnerability.
   652 | D:1      | 652 ||| DROPPING scroll of butterflies.
   653 | D:1      | 653 ||| DROPPING scroll of poison.
   655 | D:1      | 655 ||| Stepping ~*~*~tactically~*~*~ (cloud).
   658 | D:1      | HP: 4/16 [poisoned by you (poison gas)]
   662 | D:1      | HP: 1/16 [poisoned by you (poison gas)]
   769 | D:2      | Reached XP level 3. HP: 16/20 MP: 5/5
   770 | D:2      | 770 ||| STAIRDANCE
   794 | D:2      | 794 ||| STAIRDANCE
   891 | D:2      | HP: 5/20 [poisoned by an adder]
   895 | D:2      | Reached skill level 7 in Ranged Weapons
  1062 | D:2      | Noticed Sigmund
  1064 | D:2      | 1064 ||| Stepping ~*~*~tactically~*~*~ (outnumbered).
  1066 | D:2      | 1066 ||| Stepping ~*~*~tactically~*~*~ (outnumbered).
  1074 | D:2      | HP: 1/20 [something (9)]
  1075 | D:2      | Mangled by Sigmund

Levels and vault maps discovered:
D:1:      dpeg_cavernosity, layout_rooms
D:2:      layout_rooms, minmay_misc_feat_cross, minmay_misc_feat_doors,
          uniq_sigmund

Skill      XL: |  1  2  3 |
---------------+----------+-----
Ranged Weapons | 6 7 |  7.2
Fighting       | |  1.5
Dodging        | |  2.4
Stealth        | |  1.2

Action                     || total
---------------------------++-------
   Fire: Shortbow          ||   110
    Use: Scroll            ||     3
 Armour: Leather armour    ||    12
  Dodge: Dodged            ||    30

Table legend:
 A = Non-vault XP
 B = Vault XP
 C = Vault XP percentage of total XP
 D = Non-vault monster count
 E = Vault monster count
 F = Vault count percentage of total count
                 A         B        C        D         E       F
            +---------+---------+-------+---------+---------+-------
      Total |      76 |       5 |   6.2 |      39 |       4 |   9.3
            +---------+---------+-------+---------+---------+-------
        D:1 |      39 |       5 |  11.4 |      23 |       4 |  14.8
        D:2 |      37 |       0 |   0.0 |      16 |       0 |   0.0
            +---------+---------+-------+---------+---------+-------
